 Dungeon Crawl Stone Soup version 0.16-a0-421-gd787d97 (webtiles) character file.

211 Psiweapon the Sneak (level 6, -1/33 HPs)
             Began as a Kobold Enchanter on Sept 15, 2014.
             Slain by Kashira's ghost (8 damage)
             ... on Level 4 of the Dungeon.
             The game lasted 00:14:19 (2534 turns).

Psiweapon the Sneak (Kobold Enchanter)              Turns: 2534, Time: 00:14:19

HP  -1/33        AC  4     Str  7      XL: 6   Next: 13%
MP   4/11        EV 17     Int 14      God:
Gold 109         SH  0     Dex 17      Spells:  3 memorised,  4 levels left

rFire  . . .     SeeInvis .     a - +2 dagger
rCold  . . .     Clarity  .     b - +1 robe
rNeg   . . .     rCorr    .     (no shield)
rPois  .         rRot     .     (no helmet)
rElec  .         Spirit   .     (no cloak)
SustAb .         Warding  .     i - +0 pair of gloves
rMut   .         Stasis   .     (no boots)
Gourm  .                        q - cursed amulet of inaccuracy
MR     .....                    (no ring)
                                (no ring)

@: not resistant to hostile enchantments, stealthy
A: carnivore 3
a: no special abilities


You were on level 4 of the Dungeon.
You were very full.

You visited 1 branch of the dungeon, and saw 4 of its levels.

You collected 109 gold pieces.

Inventory:

Hand weapons
 a - a +2 dagger (weapon)
 g - a +0 antimagic dagger
Missiles
 f - 26 bolts
 j - 15 silver bolts
 k - 6 tomahawks of returning (quivered)
Armour
 b - a +1 robe (worn)
 h - a +0 pair of gloves
 i - a +0 pair of gloves (worn)
Magical devices
 u - a wand of paralysis (7) {unknown}
Comestibles
 d - 3 meat rations
 p - a rotting chunk of ball python flesh
 t - 2 rotting chunks of orc flesh
 v - a beef jerky
Scrolls
 e - 2 scrolls of magic mapping
 r - a scroll of fog {unknown}
Jewellery
 o - an uncursed ring of magical power {unknown}
 q - a cursed amulet of inaccuracy (around neck)
Potions
 l - a potion of flight
 m - a potion of might
 n - a potion of poison {unknown}
 s - a potion of curing
Books
 c - a book of Maledictions

   Spells                             Type                      Level
   *Corona                            Hexes                        1
   Sure Blade                         Hexes/Charms                 2
   *Ensorcelled Hibernation           Hexes/Ice                    2
   Confuse                            Hexes                        3
   *Dazzling Spray                    Conjuration/Hexes            3
   Enslavement                        Hexes                        4


   Skills:
 + Level 0.7 Fighting
 + Level 2.1 Short Blades
 + Level 3.9 Dodging
 + Level 5.7 Stealth
 + Level 2.8 Spellcasting
 + Level 3.6 Hexes
 + Level 1.4 Ice Magic


You had 4 spell levels left.
You knew the following spells:

 Your Spells              Type           Power        Failure   Level  Hunger
a - Corona                Hex            ##.....      6%          1    #......
b - Ensorcelled Hibernat  Hex/Ice        #.....       14%         2    ##.....
c - Dazzling Spray        Conj/Hex       #.......     30%         3    ####...


Dungeon Overview and Level Annotations

Branches:
Dungeon (4/15)
 Temple: D:4-7

Altars:

Annotations:
D:2 Crazy Yiuf, Sigmund
D:4 Kashira's ghost, average FeTm


Innate Abilities, Weirdness & Mutations

You are small and have problems with some larger weapons.
You are carnivorous and can eat meat at any time.


Message History

Aim: an ogre, wielding a giant club The ogre looks drowsy...
The helpless ogre fails to defend itself.
You impale the ogre!!
You kill the ogre!
Your Short Blades skill increases to level 2!
You have reached level 6!
Your experience leads to an increase in your attributes!
Increase (S)trength, (I)ntelligence, or (D)exterity?
You feel agile. Kashira's ghost closely misses you.
Kashira's ghost closely misses you. Kashira's ghost hits you.
* * * LOW HITPOINT WARNING * * *
Your magical contamination has completely faded away.
Read which item? (? for menu, Esc to quit)
Okay, then.
Kashira's ghost whispers, "There is no future for you."
Kashira's ghost hits you!
You die...

#......%.Z.##.#
#.............#
#.......%Z#########
#####.##....)Z....#
#.##.########.#
#.##.# #Z# #.##.#
#.# #..#.### #.#
##.#.@.# #.#
.###W######.# ##
#......Z.#
##########


You could see Kashira's ghost.

Vanquished Creatures
  An ogre (D:4)
  2 orc wizards (D:3)
  A gnoll (D:1)
  An adder (D:3)
  A worm (D:3)
  A giant mite (D:4)
  7 orcs (D:3)
  A ball python (D:3)
  4 bats
  3 giant cockroaches
  5 goblins
  2 hobgoblins
  4 jackals (D:3)
  3 kobolds
  A quokka (D:3)
  2 giant newts
  7 rats
46 creatures vanquished.

Notes
Turn   | Place    | Note
--------------------------------------------------------------
     0 | D:1      | Psiweapon, the Kobold Enchanter, began the quest for the Orb.
     0 | D:1      | Reached XP level 1. HP: 10/10 MP: 3/3
   274 | D:1      | Reached XP level 2. HP: 10/15 MP: 2/4
   318 | D:1      | Learned a level 2 spell: Ensorcelled Hibernation
   595 | D:1      | Reached XP level 3. HP: 19/19 MP: 6/6
   925 | D:1      | Learned a level 3 spell: Dazzling Spray
  1094 | D:2      | Noticed Crazy Yiuf
  1218 | D:2      | Noticed Sigmund
  1238 | D:3      | Reached skill level 5 in Stealth
  1568 | D:3      | Reached XP level 4. HP: 24/24 MP: 0/7
  1957 | D:3      | Reached skill level 1 in Ice Magic
  1961 | D:3      | Reached XP level 5. HP: 28/28 MP: 2/9
  2498 | D:4      | Noticed an ogre
  2504 | D:4      | Noticed Kashira's ghost (average FeTm)
  2517 | D:4      | Killed an ogre
  2517 | D:4      | Reached XP level 6. HP: 7/33 MP: 2/11
  2534 | D:4      | Slain by Kashira's ghost

Action                   |  1- 3 |  4- 6 || total
-------------------------+-------+-------++-------
Melee: Dagger            |    56 |    61 ||   117
 Cast: Corona            |     5 |       ||     5
       Ensorcelled Hiber |    11 |    16 ||    27
       Dazzling Spray    |     1 |       ||     1
  Use: Scroll            |     7 |     2 ||     9
       Potion            |     1 |     1 ||     2
 Stab: Sleeping          |    13 |    11 ||    24
       Distracted        |     3 |       ||     3
  Eat: Chunk             |    11 |     4 ||    15
